 Dungeon Crawl Stone Soup version 0.20-a0-1078-g4874019 (webtiles) character file.

975 JeffiDaFish the Cudgeler (level 8, -1/48 HPs)
             Began as a Gargoyle Fighter on Apr 30, 2017.
             Was a Follower of Okawaru.
             Slain by Prince Ribbit (2 damage)
             ... on level 6 of the Dungeon.
             The game lasted 00:08:42 (5139 turns).

JeffiDaFish the Cudgeler (Gargoyle Fighter)         Turns: 5139, Time: 00:08:42

Health: -1/48      AC: 18    Str: 25    XL:     8   Next: 16%
Magic:  8/8        EV:  5    Int:  9    God:    Okawaru [*.....]
Gold:   221        SH: 16    Dex: 11    Spells: 7/7 levels left

rFire    + . .     SeeInvis +   m - +0 morningstar
rCold    + . .     Gourm    .   a - +0 large shield
rNeg     + . .     Faith    .   l - +0 chain mail
rPois    ∞         Spirit   .   (no helmet)
rElec    +         Reflect  .   b - +2 cloak (curse)
rCorr    +         Harm     .   (no gloves)
MR       .....                  (no boots)
Stlth    ..........             (no amulet)
Regen    0.2/turn               e - ring of resist corrosion
MPRegen  0.2/turn               h - ring of see invisible

@: mighty
A: cold resistance 1, fire resistance 1, negative energy resistance 1,
electricity resistance, unbreathing, petrification resistance, rot immunity, AC
+5
a: Heroism, Renounce Religion


You were on level 6 of the Dungeon.
You worshipped Okawaru.
Okawaru was aware of your devotion.
You were not hungry.

You visited 2 branches of the dungeon, and saw 7 of its levels.

You collected 221 gold pieces.

Inventory:

Hand Weapons
 m - a +0 morningstar (weapon)
Armour
 a - a +0 large shield (worn)
 b - a cursed +2 cloak (worn)
 l - a +0 chain mail (worn)
Jewellery
 c - an uncursed ring of protection from cold {unknown}
 e - a ring of resist corrosion (left hand)
 h - a ring of see invisible (right hand)
 s - a +5 ring of intelligence {unknown}
Scrolls
 j - 2 scrolls of blinking
 o - a scroll of teleportation
Potions
 d - a potion of might
 g - a potion of resistance
 r - a potion of brilliance
Comestibles
 f - 6 bread rations
 k - 3 royal jellies
 n - 5 fruits
 p - a meat ration


   Skills:
 + Level 4.8 Fighting
 + Level 6.2 Maces & Flails
 + Level 4.9 Armour
 + Level 1.0 Dodging
 + Level 1.0 Stealth
 + Level 6.1 Shields


You had 7 spell levels left.
You didn't know any spells.

Dungeon Overview and Level Annotations

Branches:
Dungeon (6/15)             Temple (1/1) D:4

Altars:
Ashenzari
Cheibriados
Dithmenos
Fedhas
Gozag
Makhleb
Nemelex Xobeh
Okawaru
Qazlal
Ru
Sif Muna
Vehumet
Xom
Yredelemnul
Zin
The Shining One

Annotations:
D:6 Prince Ribbit


Innate Abilities, Weirdness & Mutations

You are resistant to torment.
Your stone body is resilient. (AC +5)
You are immune to poison.
You resist negative energy. (rN+)
You are resistant to electric shocks. (rElec)
You can survive without breathing.
You are immune to petrification.
You are immune to rotting.
Your flesh is cold resistant. (rC+)
Your flesh is heat resistant. (rF+)


Message History

You hit Prince Ribbit but do no damage. You block Prince Ribbit's attack.
Prince Ribbit blinks!
You feel better.
You feel very mighty all of a sudden.
Prince Ribbit catches a butterfly with his tongue.
Prince Ribbit blinks!
Prince Ribbit hits you but does no damage.
You closely miss Prince Ribbit. Prince Ribbit hits you!
* * * LOW HITPOINT WARNING * * *
Prince Ribbit hits you.
* * * LOW HITPOINT WARNING * * *
You miss Prince Ribbit.
Prince Ribbit blinks! x2
Prince Ribbit blinks!
You see here a scroll of recharging.
Prince Ribbit hits you!
* * * LOW HITPOINT WARNING * * *
Your chain mail prevents you from hitting Prince Ribbit.
Prince Ribbit hits you but does no damage.
Prince Ribbit hits you.
You die...

.. ....F...#### #..#
... #. #....####..# #.#
#. ####.......##
#..##.#####.....##..###
#..#.#....F######.....
###.....)##### #.####
#.......## ### #
..#....F# #....@#
#....?# #.....# #.....#
#.....# #.....# #.....#
#######


You could see Prince Ribbit.

Vanquished Creatures
  The ghost of tinyrick the Covert, an amateur SpAs (D:3)
  A sky beast (D:5)
  An ogre (D:4)
  A centaur (D:5)
  A bullfrog (D:2)
  2 scorpions (D:4)
  4 crimson imps
  A bullfrog skeleton (D:4)
  An iguana (D:5)
  An orc wizard (D:5)
  5 worker ants
  A hound skeleton (D:4)
  2 adders
  A shadow imp (D:5)
  An ooze (D:5)
  A worm (D:2)
  2 dart slugs
  4 leopard geckos
  5 orcs
  2 ball pythons
  3 giant cockroaches
  9 goblins
  6 hobgoblins
  4 jackals
  2 quokkas
  8 bats
  5 frilled lizards
  5 kobolds
  12 rats
92 creatures vanquished.

Notes
Turn   | Place    | Note
-------+----------+-------------------------------------------
     0 | D:1      | JeffiDaFish the Gargoyle Fighter began the quest for the Orb.
     0 | D:1      | Reached XP level 1. HP: 14/14 MP: 1/1
   113 | D:1      | Gained mutation: Your flesh is cold resistant. (rC+) [potion of mutation]
   113 | D:1      | Gained mutation: Your flesh is heat resistant. (rF+) [potion of mutation]
   126 | D:1      | Reached XP level 2. HP: 19/19 MP: 2/2
   487 | D:1      | Found a sparkling altar of Nemelex Xobeh.
   495 | D:1      | Reached XP level 3. HP: 24/24 MP: 3/3
   705 | D:1      | Found a glowing silver altar of Zin.
  1545 | D:2      | Reached XP level 4. HP: 26/29 MP: 4/4
  1645 | D:3      | Noticed a bullfrog
  1653 | D:2      | Killed a bullfrog
  1653 | D:2      | Reached XP level 5. HP: 27/33 MP: 5/5
  1784 | D:3      | Noticed tinyrick's ghost (amateur SpAs)
  1793 | D:3      | Killed tinyrick's ghost
  1793 | D:3      | Reached XP level 6. HP: 36/38 MP: 6/6
  2528 | D:3      | Found a radiant altar of Vehumet.
  2567 | D:3      | Found a blossoming altar of Fedhas.
  2959 | D:4      | Found a staircase to the Ecumenical Temple.
  2965 | Temple   | Entered the Ecumenical Temple
  3476 | D:4      | Reached skill level 5 in Maces & Flails
  3476 | D:4      | Reached skill level 1 in Stealth
  3476 | D:4      | Reached XP level 7. HP: 44/44 MP: 7/7
  3732 | D:5      | Entered Level 5 of the Dungeon
  3735 | D:5      | Found an iron altar of Okawaru.
  3743 | D:5      | Became a worshipper of Warmaster Okawaru
  3873 | D:5      | Found a shattered altar of Ashenzari.
  3928 | D:5      | Reached skill level 5 in Shields
  4151 | D:5      | Reached skill level 1 in Dodging
  4291 | D:5      | Found a sparkling altar of Nemelex Xobeh.
  4572 | D:5      | Reached XP level 8. HP: 48/48 MP: 8/8
  4600 | D:5      | Reached * piety under Okawaru
  4772 | D:6      | Noticed Prince Ribbit
  5138 | D:6      | HP: 1/48 [Prince Ribbit (10)]
  5139 | D:6      | Slain by Prince Ribbit

Vault maps used:
D:1:      dpeg_arrival_water_altar, nemelex_altar_shiori
D:2:      first_bread
D:3:      nicolae_overflow_hidden_temple, overflow_temple_1_default
D:4:      minmay_temple_entry_hall, minivault_14
D:5:      okawaru_ov_weapons_minmay, ashenzari_altar_1,
          nicolae_overflow_crystal_walls
D:6:      marbit_many_paths, uniq_prince_ribbit1
Temple:   minmay_temple_curvy_loop

Skill      XL: |  1  2  3  4  5  6  7  8 |
---------------+-------------------------+-----
Maces & Flails | 3 4 5 6 |  6.2
Armour         | 4 |  4.9
Fighting       | 4 |  4.8
Shields        | 4 5 6 |  6.1
Stealth        | 1 |  1.0
Dodging        | 1 |  1.0

Action                   |  1- 3 |  4- 6 |  7- 9 || total
-------------------------+-------+-------+-------++-------
Melee: Flail             |   162 |    47 |       ||   209
       Morningstar       |       |    46 |   187 ||   233
  Use: Scroll            |     6 |     4 |     3 ||    13
       Potion            |     4 |     6 |     3 ||    13
  Eat: Chunk             |     2 |     5 |     7 ||    14
Armor: Scale mail        |    62 |       |       ||    62
       Chain mail        |    25 |    49 |    97 ||   171
Dodge: Dodged            |    55 |    16 |    25 ||    96
Block: Shield            |    95 |    32 |       ||   127
       Large shield      |       |    29 |   169 ||   198
